 Dungeon Crawl Stone Soup version 0.29-a0-495-g17b79114eb (webtiles) character file.

Game seed: 3784792969764466250

16 fingers the Caller (level 2, 0/15 HPs)
             Began as a Deep Elf Summoner on May 27, 2022.
             Slain by Robin
             ... wielding a +0 mace
              (6 damage)
             ... on level 2 of the Dungeon.
             The game lasted 00:03:34 (2193 turns).

fingers the Caller (Deep Elf Summoner)              Turns: 2193, Time: 00:03:35

Health: 0/15       AC:  2    Str:  5    XL:     2   Next: 41%
Magic:  6/8        EV: 12    Int: 19    God:
Gold:   46         SH:  0    Dex: 15    Spells: 5/8 levels left

rFire   . . .      SeeInvis .   d - +0 club
rCold   . . .      Faith    .   (no shield)
rNeg    . . .      Spirit   .   a - +0 robe
rPois   .          Reflect  .   (no helmet)
rElec   .          Harm     .   (no cloak)
rCorr   .          Rampage  .   (no gloves)
Will    .....                   (no boots)
Stlth   ++........              (no amulet)
HPRegen 0.05/turn               (no ring)
MPRegen 0.11/turn               (no ring)

@: no status effects
A: no striking features
a: no special abilities


You were on level 2 of the Dungeon.
You visited 1 branch of the dungeon, and saw 2 of its levels.

You collected 46 gold pieces.

Inventory:

Hand Weapons
 d - a +0 club (weapon)
Armour
 a - a +0 robe (worn)
Scrolls
 e - a scroll of teleportation {unknown}
 g - a scroll of identify {unknown}
Potions
 b - a potion of magic
 c - a potion of berserk rage {unknown}
 f - a potion of might {unknown}


   Skills:
 + Level 2.4 Dodging
 + Level 2.4 Stealth
 + Level 3.5 Spellcasting
 + Level 4.9 Summonings


You had 5 spell levels left.
You knew the following spells:

 Your Spells              Type           Power      Damage    Failure   Level
a - Summon Small Mammal   Summ           88%        N/A       1%          1
b - Call Imp              Summ           22%        N/A       3%          2

Your spell library contained the following spells:

 Spells                   Type           Power      Damage    Failure   Level
 Call Canine Familiar     Summ           22%        N/A       6%          3
 Summon Guardian Golem    Hex/Summ       12%        N/A       16%         3
 Blink                    Tloc           6%         N/A       22%         2
 Summon Lightning Spire   Summ/Air       12%        N/A       45%         4
 Manifold Assault         Tloc           3%         N/A       99%         5
 Storm Form               Tmut/Air       1%         N/A       100%        7


Dungeon Overview and Level Annotations

Branches:
Dungeon (2/15)

Altars:

Annotations:
D:2 Robin


Message History

Magic restored.
You start resting.
Your crimson imp disappears in a puff of smoke!
HP restored.
You start waiting.
Done waiting.
You start waiting.
Done waiting.
You start waiting.
Done waiting.
You start waiting.
Done waiting.
You start waiting.
Done waiting.
You start waiting.
Done waiting.
You start waiting.
Done waiting.
There is a stone staircase leading down here.
You climb downwards.
Level annotation: Robin Robin roars a battlecry!
The goblins go into a battle-frenzy!
The hobgoblin closely misses you. The hobgoblin hits you!
A hobgoblin comes into view.
Robin roars a battlecry!
The goblins go into a battle-frenzy!
The goblin shouts!
There is a stone staircase leading up, spattered with blood here.
A beastly little devil appears in a puff of frigid air.
You hear a shout!
A dart slug comes into view.
The hobgoblin hits you.
Robin's horned helmet rattles.
Robin hits you with a +0 mace.
A quokka comes into view.
You hear a shout!
You hit Robin but do no damage. The hobgoblin barely misses you.
Robin hits you with a +0 mace.
You die... #w... ... ... rg.

#g# #
#K#
#5#g#
#bg@#
#.###
#


You could see Robin, a dart slug, a quokka, 2 hobgoblins, a goblin (strong), a
bat (ally target), a kobold and a friendly white imp (summoned).

Vanquished Creatures
  A giant cockroach (D:1)
  A hobgoblin (D:1)
2 creatures vanquished.

Vanquished Creatures (collateral kills)
  2 endoplasms (D:1)
  3 goblins
  3 hobgoblins (D:1)
  A quokka (D:1)
  A bat (D:1)
  A rat (D:1)
11 creatures vanquished.

Grand Total: 13 creatures vanquished

Notes
Turn   | Place    | Note
-------+----------+-------------------------------------------
     0 | D:1      | fingers the Deep Elf Summoner began the quest for the Orb.
     0 | D:1      | Reached XP level 1. HP: 10/10 MP: 6/6
   722 | D:1      | Reached XP level 2. HP: 15/15 MP: 8/8
  1245 | D:1      | Learned a level 2 spell: Call Imp
  1285 | D:2      | Noticed Robin
  2193 | D:2      | Slain by Robin

Illustrated notes

Levels and vault maps discovered:
D:1:      scummos_arrival_forest, layout_basic, basic_ecumenical_altar,
          hex_large
D:2:      layout_basic, uniq_robin

Action                   || total
-------------------------++-------
Melee: Unarmed           ||    21
       Punch             ||     2
       Club              ||     8
 Cast: Summon Small Mamm ||    10
       Call Imp          ||     5
Armor: Robe              ||    13
Dodge: Dodged            ||    34

Table legend: (Time is in decaauts)
 A = Elapsed time spent in this place.
 B = Non-inter-level travel time spent in this place.
 C = Inter-level travel time spent in this place.
 D = Time resting spent in this place.
 E = Time spent auto-exploring this place.
 F = Levels seen in this place.
 G = Mean time per level.
                   A        B        C        D        E       F      G
               +--------+--------+--------+--------+--------+-----+--------+
         Total |   2195 |   2195 |      0 |   1642 |     42 |   2 | 1097.5 |
       Dungeon |   2195 |   2195 |      0 |   1642 |     42 |   2 | 1097.5 |
               +--------+--------+--------+--------+--------+-----+--------+

Top non-repeatable levels by time:
     D:1: 2185 daAuts
     D:2: 10 daAuts
